AoeStats
← Powned

Arabia

509697200Analyzed
2v2 RM · 6d ago on Sep 27, 2026· 22m 47s· 4 players
Game mode
Random Map
Map size
Medium (4 player)
Population
200
Speed
Normal
Resources
Standard
Victory
Conquest
Starting age
Dark Age
Ending age
Imperial Age
RankedLock teamsTeams togetherTeam positionsShared explorationLock speedFull tech treeHidden civsTurbo modeCheats
Victory
Defeat
🇰🇿 Saracens · Kazakhstan
1231
+11
🇰🇿 Magyars · Kazakhstan
1225
+11
🇦🇷 Vietnamese · Argentina
1173
-13
🇩🇪 Persians · Germany
1066
-9
Suuuuzie
7:03 Loom
9:14 Feudal Age
10:26 Double-Bit Axe
19:38 Castle Age
19:29 Town Watch
21:14 Scale Barding Armor
23:24 Chain Barding Armor
Powned
7:35 Loom
9:59 Feudal Age
10:44 Double-Bit Axe
15:43 Horse Collar
Ranch Sauce
7:07 Loom
9:57 Feudal Age
10:24 Double-Bit Axe
12:43 Horse Collar
16:45 Fletching
20:59 Castle Age
19:17 Padded Archer Armor
21:51 Wheelbarrow
21:51 Bow Saw
21:38 Crossbowman
23:37 Hand Cart
Cheese Sauce
6:33 Loom
9:23 Feudal Age
10:06 Double-Bit Axe
20:58 Castle Age
21:49 Padded Archer Armor
21:41 Fletching
Connection lost

Rejoining the realm…

Still unreachable

The connection could not be restored.

Session expired

The server has moved on; the page needs a fresh start.